 Dungeon Sprint DCSS version 0.20.1-1-g8b1a95d (webtiles) character file.

10753 potatolord6000 the Messiah (level 11, -1/112 HPs)
             Began as a Hill Orc Fighter on Sept 1, 2017.
             Was the Champion of Beogh.
             Slain by a yellow draconian
             ... wielding the +4 flail "Fizxolat" {protect, Str+5 Dex+4}
              (8 damage)
             ... in the Dungeon (Sprint V: "Ziggurat Sprint").
             The game lasted 00:08:46 (1471 turns).

potatolord6000 the Messiah (Hill Orc Fighter)       Turns: 1471, Time: 00:08:47

Health: -1/112     AC: 26    Str: 36    XL:     11   Next: 67%
Magic:  9/22       EV:  2    Int: 10    God:    Beogh [******]
Gold:   0          SH: 33    Dex: 14    Spells: 10/10 levels left

rFire    . . .     SeeInvis .   G - +7 Screaming Sword
rCold    + + +     Gourm    .   F - +18 shield of the Gong {rElec rN+ MR+ EV-5}
rNeg     + . .     Faith    .   a - +9 crystal plate armour
rPois    .         Spirit   .   (no helmet)
rElec    +         Reflect  .   o - +1 cloak {MR+}
rCorr    .         Harm     .   (no gloves)
MR       ++...     NoTele   +   (no boots)
Stlth    ..........             b - amulet of the Failed Coup {RegenMP rElec Int+2}
Regen    0.3/turn               D - +6 ring of strength
MPRegen  0.3/turn               c - ring "Kunoihabo" {*Slow rElec rC+++ Str+7 Dex+4}

@: corroded
A: walk on water
a: Smiting, Recall Orcish Followers, Give Item to Named Follower, Resurrection,
Renounce Religion


You were in the Dungeon.
You worshipped Beogh.
Beogh was exalted by your worship.
You were very full.

You visited 1 branch

Inventory:

Hand Weapons
 G - the +7 Screaming Sword (weapon)
   (You found it in the Dungeon)
 H - the cursed +0 great sword "Jabas" {slice, *Contam +Blink rPois Stlth+}
   (You found it in the Dungeon)

   It inflicts extra damage upon your enemies.
   It protects you from poison.
   It lets you blink.
   It causes magical contamination when unequipped.
   It makes you more stealthy.
   It has a curse placed upon it.
 I - the +11 plutonium sword {*Contam Stlth-}
   (You found it in the Dungeon)

   It causes magical contamination when unequipped.
   It makes you less stealthy.
 J - the +9 sword of Zonguldrok {reap}
   (You found it in the Dungeon)

   If a monster killed with it leaves a corpse in good enough shape, the corpse
   will be animated as a zombie friendly to the killer.
Armour
 a - a +9 crystal plate armour (worn)
 o - a +1 cloak of magic resistance (worn)
 F - the +18 shield of the Gong (worn) {rElec rN+ MR+ EV-5}
   (You found it in the Dungeon)

   It affects your evasion (-5).
   It insulates you from electricity.
   It protects you from negative energy.
   It affects your resistance to hostile enchantments.
Jewellery
 b - the amulet of the Failed Coup (around neck) {RegenMP rElec Int+2}
   (You found it in the Dungeon)

   [amulet of magic regeneration]

   It increases your magic regeneration.
   It affects your intelligence (+2).
   It insulates you from electricity.
 c - the ring "Kunoihabo" (right hand) {*Slow rElec rC+++ Str+7 Dex+4}
   (You found it in the Dungeon)

   [ring of dexterity]

   It affects your strength (+7).
   It affects your dexterity (+4).
   It renders you almost immune to cold.
   It insulates you from electricity.
   It may slow you when you take damage.
 D - a +6 ring of strength (left hand)
Scrolls
 k - 4 scrolls of blinking
 q - 4 scrolls of amnesia
 r - 3 scrolls of recharging
 s - 7 scrolls of fog
 t - a scroll of holy word
 u - 5 scrolls of identify
 v - 5 scrolls of remove curse
 w - 2 scrolls of fear
Potions
 d - 5 potions of might
 e - 8 potions of curing
 g - 6 potions of heal wounds
 h - 5 potions of haste
 i - 7 potions of magic
 j - 3 potions of berserk rage
 l - 2 potions of brilliance
 m - 2 potions of invisibility
 n - 4 potions of resistance
 p - 5 potions of agility
Comestibles
 f - 5 bread rations
 x - 42 fruits
 z - 2 meat rations


   Skills:
 + Level 15.1 Fighting
 + Level 13.9 Long Blades
 + Level 14.1 Armour
 + Level 14.0 Shields
 + Level 15.9 Invocations


You had 10 spell levels left.
You didn't know any spells.

Dungeon Overview and Level Annotations

Branches:
Dungeon (1/1)

Altars:
Ashenzari
Cheibriados
Dithmenos
Elyvilon
Fedhas
Gozag
Hepliaklqana
Kikubaaqudgha
Makhleb
Nemelex Xobeh
Okawaru
Qazlal
Ru
Sif Muna
Trog
Uskayaw
Vehumet
Xom
Yredelemnul
Zin
The Shining One
Beogh
Jiyva
Lugonu


Message History

* * * LOW HITPOINT WARNING * * *
The white draconian hits you but does no damage.
You block the white draconian's attack.
PTOANNNG!
Unknown command.
You barely miss the yellow draconian.
The yellow draconian is moderately wounded.
The Screaming Sword laughs, "I always appreciate a bleeding ovation!"
The monsters around you reel from the noise!
You block the black draconian's attack.
PANG!
The red draconian hits you but does no damage.
You slash the yellow draconian!
The yellow draconian is heavily wounded.
The Screaming Sword shouts loudly.
The monsters around you reel from the noise!
You block the black draconian scorcher's attack.
PANG!
The yellow draconian hits you with the +4 flail "Fizxolat" {protect, Str+5 Dex+4}!
You die...

▓..).}|=..▓
▓..)[)[[..▓...=:"[..▓
▓.........▓.........▓
▓.........▓....|....▓
▓....)....▓.........▓
▓.........▓.........▓
▓...ddq...▓.▓.....▓.▓
▓.▓.dddd▓.▓.........▓
▓...d@q...▓▓▓▓▓▓▓▓▓▓▓
▓▓▓▓▓▓▓▓▓▓▓


You could see 2 draconians, a yellow draconian, a purple draconian, a red
draconian, 2 draconians, a purple draconian shifter and a black draconian
scorcher.

Vanquished Creatures
  A greater mummy (D)
  A green draconian (D)
  A red draconian (D)
  An ugly thing (D)
  5 draconians (D)
  A naga mage (D)
  A guardian mummy (D)
  2 raiju (D)
  A tarantella (D)
  An ushabti (D)
  A hog (shapeshifter) (D)
  A basilisk (D)
  2 small abominations (D)
  A naga (D)
  2 water moccasins (D)
  2 porcupines (D)
  A big kobold (shapeshifter) (D)
  3 scorpions (D)
  A howler monkey (shapeshifter) (D)
  2 quasits (D)
  An orc priest (D)
  An orc wizard (D)
  8 mummies (D)
  An adder (D)
  A shadow imp (D)
  An ufetubus (D)
  2 adder skeletons (D)
  A bat zombie (D)
  4 jackals (D)
  3 ball pythons (D)
  A leopard gecko skeleton (D)
55 creatures vanquished.

Notes
Turn   | Place    | Note
-------+----------+-------------------------------------------
     0 | D        | potatolord6000 the Hill Orc Fighter began the quest for the Orb.
     0 | D        | Reached XP level 1. HP: 19/19 MP: 1/1
     0 | D        | Found a deep blue altar of Sif Muna.
     0 | D        | Found a sacrificial altar of Ru.
     0 | D        | Found a bloodstained altar of Trog.
     0 | D        | Found a stormy altar of Qazlal.
     0 | D        | Found an iron altar of Okawaru.
     0 | D        | Found a sparkling altar of Nemelex Xobeh.
     0 | D        | Found a blossoming altar of Fedhas.
     2 | D        | Found a transporter.
     2 | D        | Found an ancient bone altar of Kikubaaqudgha.
     2 | D        | Found a viscous altar of Jiyva.
     2 | D        | Found a corrupted altar of Lugonu.
     2 | D        | Found a hazy altar of Hepliaklqana.
     2 | D        | Found a burning altar of Makhleb.
     2 | D        | Found an opulent altar of Gozag.
    18 | D        | Got the cursed +0 great sword "Jabas" {slice, *Contam +Blink rPois Stlth+}
    78 | D        | Became a worshipper of Beogh the Brigand
    96 | D        | Reached skill level 5 in Fighting
    96 | D        | Reached XP level 2. HP: 29/29 MP: 1/5
   141 | D        | Entered arena 2.
   141 | D        | Found a transporter.
   143 | D        | Reached skill level 5 in Armour
   143 | D        | Reached skill level 5 in Shields
   143 | D        | Reached XP level 3. HP: 37/37 MP: 6/6
   147 | D        | Reached * piety under Beogh
   147 | D        | Reached skill level 5 in Invocations
   147 | D        | Reached XP level 4. HP: 44/44 MP: 7/7
   156 | D        | Entered arena 3.
   156 | D        | Noticed a small abomination
   156 | D        | Found a transporter.
   160 | D        | Reached skill level 5 in Long Blades
   164 | D        | Killed a small abomination
   164 | D        | Reached ** piety under Beogh
   164 | D        | Reached XP level 5. HP: 39/53 MP: 7/10
   164 | D        | Reached XP level 6. HP: 45/61 MP: 7/11
   241 | D        | Entered arena 4.
   241 | D        | Noticed a tarantella
   241 | D        | Found a transporter.
   243 | D        | Killed a tarantella
   244 | D        | Reached XP level 7. HP: 69/69 MP: 5/13
   248 | D        | Reached *** piety under Beogh
   303 | D        | Entered arena 5.
   303 | D        | Noticed a hog
   303 | D        | Noticed a purple ugly thing
   303 | D        | Found a transporter.
   306 | D        | Killed a purple ugly thing
   306 | D        | Reached skill level 10 in Fighting
   306 | D        | Reached skill level 10 in Invocations
   306 | D        | Reached XP level 8. HP: 79/79 MP: 7/15
   323 | D        | Got the amulet of the Failed Coup {RegenMP rElec Int+2}
   382 | D        | Entered arena 6.
   382 | D        | Noticed a raiju
   382 | D        | Noticed a raiju
   382 | D        | Found a transporter.
   384 | D        | Killed a raiju
   386 | D        | Killed a raiju
   386 | D        | Reached skill level 10 in Armour
   386 | D        | Reached skill level 10 in Shields
   393 | D        | Reached **** piety under Beogh
   467 | D        | Entered arena 7.
   467 | D        | Noticed a draconian
   467 | D        | Noticed a draconian
   467 | D        | Noticed a green draconian
   467 | D        | Noticed a draconian
   467 | D        | Noticed a draconian
   467 | D        | Noticed a draconian
   471 | D        | Found a transporter.
   476 | D        | Killed a draconian
   476 | D        | Reached skill level 10 in Long Blades
   476 | D        | Reached XP level 9. HP: 89/89 MP: 17/17
   480 | D        | Killed a draconian
   481 | D        | Killed a draconian
   481 | D        | Reached ***** piety under Beogh
   484 | D        | Killed a draconian
   487 | D        | Killed a draconian
   487 | D        | Reached XP level 10. HP: 82/99 MP: 19/19
   492 | D        | Killed a green draconian
   873 | D        | Entered arena 8.
   876 | D        | Found a transporter.
   901 | D        | Got the ring "Kunoihabo" {*Slow rElec rC+++ Str+7 Dex+4}
  1097 | D        | Entered arena 9.
  1097 | D        | Noticed a naga mage
  1099 | D        | Killed a naga mage
  1100 | D        | Found a transporter.
  1109 | D        | Reached ****** piety under Beogh
  1129 | D        | Identified the Collected Works on Mutagenic Good Luck (You found it in the Dungeon)
  1201 | D        | Entered arena 10.
  1223 | D        | Found a transporter.
  1239 | D        | Entered arena 11.
  1239 | D        | Noticed a greater mummy
  1245 | D        | Noticed an orange demon
  1245 | D        | Noticed a sun demon
  1246 | D        | Killed a greater mummy
  1246 | D        | Reached skill level 15 in Invocations
  1246 | D        | Reached XP level 11. HP: 55/110 MP: 3/22
  1267 | D        | Found a transporter.
  1283 | D        | Got the amulet "Laff" {Harm *Drain rN+}
  1289 | D        | Got the ring "Ekedgh" {rCorr rF+ Str+5 Int-2}
  1460 | D        | Entered arena 12.
  1460 | D        | Noticed a black draconian scorcher
  1460 | D        | Noticed a red draconian
  1460 | D        | Noticed a yellow draconian
  1460 | D        | Noticed a purple draconian
  1460 | D        | Noticed a black draconian
  1461 | D        | Noticed a white draconian
  1461 | D        | Noticed a purple draconian shifter
  1462 | D        | Noticed a white draconian
  1462 | D        | Noticed a black draconian
  1462 | D        | Noticed a red draconian
  1464 | D        | Killed a red draconian
  1464 | D        | Reached skill level 15 in Fighting
  1471 | D        | Identified the +4 flail "Fizxolat" {protect, Str+5 Dex+4}
  1471 | D        | Slain by a yellow draconian

Skill      XL: |  1  2  3  4  5  6  7  8  9 10 11 |
---------------+----------------------------------+-----
Fighting       | 5 6 7 8 10 11 12 14 15 | 15.1
Long Blades    | 4 6 7 8 10 11 13 | 13.9
Armour         | 4 5 7 8 9 10 11 13 14 | 14.1
Shields        | 4 5 7 8 9 10 11 13 14 | 14.0
Invocations    | 4 5 7 8 10 11 12 15 | 15.9

Action                   |  1- 3 |  4- 6 |  7- 9 | 10-12 || total
-------------------------+-------+-------+-------+-------++-------
Melee: Double sword      |     5 |     7 |    41 |    65 ||   118
Invok: Smiting           |       |     2 |     7 |    16 ||    25
  Use: Potion            |     1 |       |     2 |    10 ||    13
       Scroll            |       |       |       |     4 ||     4
  Eat: Meat ration       |       |       |       |     2 ||     2
Armor: Crystal plate arm |     1 |     8 |    35 |    59 ||   103
Dodge: Dodged            |       |     1 |       |     3 ||     4
Block: Shield            |     5 |    11 |    73 |   165 ||   254
